 Dungeon Crawl Stone Soup version 0.28-a0-1567-g1695149f81 (webtiles) character file.

Game seed: 16696030317622621

96 HallandMoats the Chopper (level 4, -7/41 HPs)
             Began as a Minotaur Monk on Jan 19, 2022.
             Was a Priest of Wu Jian.
             Killed by divine providence
             ... invoked by an orc priest
              (15 damage)
             ... on level 4 of the Dungeon.
             The game lasted 00:03:08 (2975 turns).

HallandMoats the Chopper (Minotaur Monk)            Turns: 2975, Time: 00:03:09

Health: -7/41      AC:  5    Str: 18    XL:     4   Next: 41%
Magic:  3/3        EV: 12    Int:  7    God:    Wu Jian [***...]
Gold:   226        SH:  0    Dex: 12    Spells: 3/3 levels left

rFire   . . .      SeeInvis .   a - +0 hand axe
rCold   . . .      Faith    .   (no shield)
rNeg    . . .      Spirit   .   r - +0 ring mail
rPois   .          Reflect  .   (helmet restricted)
rElec   .          Harm     .   (no cloak)
rCorr   .          Rampage  .   (no gloves)
Will    .....                   (no boots)
Stlth   +.........              (no amulet)
HPRegen 0.13/turn               (no ring)
MPRegen 0.08/turn               (no ring)

@: no status effects
A: horns 2, retaliatory headbutt
a: Renounce Religion, Wall Jump, Serpent's Lash


You were on level 4 of the Dungeon.
You worshipped Wu Jian.
Wu Jian was most pleased with you.
You visited 1 branch of the dungeon, and saw 4 of its levels.

You collected 226 gold pieces.

Inventory:

Hand Weapons
 a - a +0 hand axe (weapon)
 i - a +0 whip of electrocution
 j - a +0 hunting sling
Armour
 b - a +0 robe
 r - a +0 ring mail (worn)
Wands
 t - a wand of iceblast (6)
Scrolls
 c - 5 scrolls of identify {unknown}
 d - 2 scrolls of blinking {unknown}
 f - a scroll of summoning {unknown}
 h - 2 scrolls of teleportation {unknown}
 k - 2 scrolls of vulnerability {unknown}
 m - a scroll of silence {unknown}
 o - a scroll of amnesia {unknown}
 p - a scroll of torment {unknown}
Potions
 e - a potion of attraction {unknown}
 g - 3 potions of curing
 l - a potion of flight {unknown}
 n - a potion of lignification {unknown}
 q - a potion of invisibility {unknown}
 s - a potion of might {unknown}


   Skills:
 + Level 4.3 Fighting
 * Level 4.8 Axes
 + Level 2.0 Armour
 + Level 3.9 Dodging
 - Level 1.5 Stealth


You had 3 spell levels left.
You didn't know any spells.
Your spell library contained the following spells:

 Spells                   Type           Power      Damage    Failure   Level
 Magic Dart               Conj           0%         1d3       63%         1
 Searing Ray              Conj           0%         2d4       77%         2
 Frozen Ramparts          Ice            0%         1d2       94%         3
 Fulminant Prism          Conj/Hex       0%         3d6       100%        4
 Ice Form                 Ice/Tmut       0%         N/A       100%        4
 Summon Ice Beast         Ice/Summ       0%         N/A       100%        4


Dungeon Overview and Level Annotations

Branches:
Dungeon (4/15)
 Temple: D:4-7

Altars:
Fedhas
Gozag
Qazlal
Uskayaw
Wu Jian


Innate Abilities, Weirdness & Mutations

You have a pair of horns on your head.
You reflexively headbutt those who attack you in melee.


Message History

The giant cockroach bites you but does no damage.
The orc priest hits you with a +0 flail.
Unknown command.
You hit the orc priest.
The orc priest is lightly wounded.
The orc priest mumbles some strange prayers to Beogh against you.
Beogh smites you! The orc hits you with a +0 short sword.
The giant cockroach closely misses you.
Unknown command.
You are too injured to fight recklessly!
Unknown command.
You are too injured to fight recklessly!
Unknown command.
You are too injured to fight recklessly!
Unknown command.
You hit the giant cockroach.
You kill the giant cockroach!
The Council accepts your kill.
The orc priest hits you with a +0 flail.
* * * LOW HITPOINT WARNING * * *
The orc hits you but does no damage. The orc barely misses you.
You barely miss the orc priest. The orc priest barely misses you.
You furiously retaliate!
You headbutt the orc priest. The orc priest barely misses you.
You furiously retaliate!
You headbutt the orc priest! The orc hits you with a +0 dagger.
* * * LOW HITPOINT WARNING * * *
The orc hits you with a +0 short sword.
* * * LOW HITPOINT WARNING * * *
Your +0 whip of electrocution stops crackling.
a - a +0 hand axe (weapon)
The orc priest misses you. The orc hits you with a +0 dagger.
* * * LOW HITPOINT WARNING * * *
The orc priest hits you with a +0 short sword.
* * * LOW HITPOINT WARNING * * *
Unknown command.
It was a potion of curing.
You feel better. The orc hits you but does no damage.
The orc priest calls down the wrath of Beogh upon you.
Beogh smites you!
You die...

.....##........
.............(..
.............#...
.................#....
....................
..................#
........(.....!..### .
................oo.#....
.#..............@oo>....
.#..............#o....!.
................#.......
.##.............#.......
...........#..##..##.(..
.....###..##.......#....
.....##...###.#..... ...
.....#.....#........ ..
......#.##.........


You could see 2 orc priests and 3 orcs.

Vanquished Creatures
  2 adders
  An adder skeleton (D:4)
  5 worms
  A dart slug (D:1)
  3 orcs (D:4)
  3 bats
  3 endoplasms
  2 giant cockroaches
  7 goblins
  5 hobgoblins
  4 jackals (D:1)
  6 quokkas
  5 ball pythons
  2 frilled lizards
  2 kobolds
  2 rats
53 creatures vanquished.

Notes
Turn   | Place    | Note
-------+----------+-------------------------------------------
     0 | D:1      | HallandMoats the Minotaur Monk began the quest for the Orb.
     0 | D:1      | Reached XP level 1. HP: 19/19 MP: 0/0
   182 | D:1      | Reached XP level 2. HP: 25/27 MP: 1/1
   531 | D:1      | Reached skill level 1 in Armour
   924 | D:2      | Reached XP level 3. HP: 33/33 MP: 2/2
  1905 | D:3      | Found a faded altar of an unknown god.
  1918 | D:3      | Prayed at the altar of an unknown god.
  1918 | D:3      | Became a worshipper of the Wu Jian Council
  1918 | D:3      | Reached * piety under Wu Jian
  1918 | D:3      | Reached ** piety under Wu Jian
  2305 | D:3      | Reached XP level 4. HP: 40/40 MP: 3/3
  2489 | D:3      | Found an opulent altar of Gozag.
  2668 | D:3      | Found a blossoming altar of Fedhas.
  2671 | D:3      | Found a hide-covered altar of Uskayaw.
  2722 | D:3      | Noticed a water elemental
  2724 | D:3      | Found a stormy altar of Qazlal.
  2726 | D:3      | Noticed an air elemental
  2726 | D:3      | Noticed a fire elemental
  2726 | D:3      | Noticed an earth elemental
  2968 | D:4      | Reached *** piety under Wu Jian
  2975 | D:4      | Killed from afar by an orc priest

Illustrated notes

Levels and vault maps discovered:
D:1:      minmay_arrival_stone_box, layout_basic
D:2:      layout_basic, minmay_3d_cube
D:3:      layout_loops_ring, overflow_temple_1_default,
          nicolae_qazlal_style_of_elements, minitemple,
          hellmonk_ecumenical_altar_blasted, grunt_decor_fettered
D:4:      layout_cave_pools, mainiacjoe_overflow_big_doors,
          minmay_splitting_lines, uniq_pikel, uniq_crazy_yiuf_cottage

Skill      XL: |  1  2  3  4 |
---------------+-------------+-----
Axes           | 4 |  4.8
Armour         | 1 2 |  2.0
Fighting       | 4 |  4.3
Dodging        | |  3.9
Stealth        | |  1.5

Action                   |  1- 3 |  4- 6 || total
-------------------------+-------+-------++-------
Melee: Hand axe          |    43 |       ||    43
       Headbutt          |    20 |     3 ||    23
       Whip              |    55 |    22 ||    77
Invok: Lunge             |     2 |     4 ||     6
  Use: Potion            |       |     1 ||     1
 Stab: Sleeping          |     3 |       ||     3
Armor: Robe              |    17 |       ||    17
       Ring mail         |       |    10 ||    10
Dodge: Dodged            |    82 |    15 ||    97

Table legend: (Time is in decaauts)
 A = Elapsed time spent in this place.
 B = Non-inter-level travel time spent in this place.
 C = Inter-level travel time spent in this place.
 D = Time resting spent in this place.
 E = Time spent auto-exploring this place.
 F = Levels seen in this place.
 G = Mean time per level.
                   A        B        C        D        E       F      G
               +--------+--------+--------+--------+--------+-----+--------+
         Total |   2975 |   2845 |    130 |    251 |   2217 |   4 |  743.8 |
       Dungeon |   2975 |   2845 |    130 |    251 |   2217 |   4 |  743.8 |
               +--------+--------+--------+--------+--------+-----+--------+

Top non-repeatable levels by time:
     D:2: 1032 daAuts
     D:3: 1004 daAuts
     D:1: 842 daAuts
     D:4: 95 daAuts
